 Dungeon Crawl Stone Soup version 0.31-a0-348-g810772c3d7 (webtiles) character file.

Game seed: 16824762151135060055

4540 AdnanSaban the Basher (level 10, -6/63 HPs)
             Began as a Gargoyle Fighter on July 22, 2023.
             Was an Elder of Okawaru.
             Mangled by a komodo dragon (11 damage)
             ... on level 9 of the Dungeon.
             The game lasted 00:08:45 (6932 turns).

AdnanSaban the Basher (Gargoyle Fighter)            Turns: 6932, Time: 00:08:45

Health: -6/63      AC: 16    Str: 30    XL:     10   Next: 40%
Magic:  10/10      EV: 11    Int:  9    God:    Okawaru [****..]
Gold:   579        SH:  5    Dex:  9    Spells: 9/9 levels left

rFire   . . .        M - +4 mace
rCold   . . .        c - +0 buckler
rNeg    + . .        b - +0 scale mail
rPois   ∞            z - +0 helmet
rElec   +            (no cloak)
rCorr   .            (no gloves)
SInv    .            (no boots)
Will    .....        p - amulet of regeneration Stlth
                     G - +6 ring of strength
HPRegen 1.10/turn    (no ring)
MPRegen 0.12/turn

%: no passive effects
@: no status effects
A: sickness immunity, AC +7, negative energy resistance 1, electricity
resistance, torment resistance 1, petrification resistance
a: Renounce Religion, Heroism, Finesse


You were on level 9 of the Dungeon.
You worshipped Okawaru.
Okawaru was greatly pleased with you.
You visited 2 branches of the dungeon, and saw 10 of its levels.
You also visited: Ossuary.

You collected 579 gold pieces.

Inventory:

Hand Weapons
 a - a +2 whip of flaming
 M - a +4 mace (weapon)
Missiles
 q - 2 javelins (quivered)
 y - 3 silver boomerangs
 E - a throwing net
Armour
 b - a +0 scale mail (worn)
 c - a +0 buckler (worn)
 z - a +0 helmet (worn)
Jewellery
 h - a ring of magical power
 j - an amulet of reflection
 p - an amulet of regeneration (around neck)
 G - a +6 ring of strength (left hand)
 L - a ring of fire
Wands
 o - a wand of flame (30)
 F - a wand of polymorph (12)
 J - a wand of acid (5)
Scrolls
 e - 8 scrolls of identify {unknown}
 f - a scroll of revelation {unknown}
 g - 3 scrolls of noise {unknown}
 i - 5 scrolls of immolation {unknown}
 k - 3 scrolls of vulnerability {unknown}
 l - 2 scrolls of enchant weapon {unknown}
 m - 2 scrolls of amnesia {unknown}
 r - 2 scrolls of enchant armour {unknown}
 t - 4 scrolls of fear {unknown}
 w - 9 scrolls of teleportation {unknown}
 A - a scroll of fog {unknown}
 K - a scroll of poison {unknown}
Potions
 d - a potion of might
 n - 6 potions of curing {unknown}
 s - a potion of haste {unknown}
 u - a potion of attraction {unknown}
 v - 2 potions of enlightenment {unknown}
 x - 3 potions of lignification {unknown}
 B - 2 potions of berserk rage {unknown}
 C - 2 potions of brilliance {unknown}
 D - a potion of heal wounds {unknown}
 H - 2 potions of ambrosia {unknown}
 I - a potion of cancellation {unknown}


   Skills:
 + Level 7.5 Fighting
 + Level 10.5 Maces & Flails
 + Level 0.1 Throwing
 + Level 7.5 Armour
 + Level 3.7 Dodging
 + Level 5.7 Shields


You had 9 spell levels left.
You didn't know any spells.
Your spell library contained the following spells:

 Spells                   Type           Power      Damage    Failure   Level
 Magic Dart               Conj           0%         1d3       65%         1
 Ensorcelled Hibernation  Hex/Ice        0%         N/A       80%         2
 Passwall                 Tmut/Erth      0%         N/A       80%         2
 Searing Ray              Conj           0%         2d4       80%         2
 Static Discharge         Conj/Air       0%         2-2/arc   80%         2
 Wereblood                Tmut           0%         N/A       80%         2
 Swiftness                Air            0%         N/A       95%         3
 Airstrike                Air            0%         2d(0-16)  100%        4
 Fulminant Prism          Conj/Hex       0%         3d5       100%        4
 Sublimation of Blood     Necr           Unusable   N/A       N/A         2
 Summon Lightning Spire   Summ/Air       Unusable   N/A       N/A         4
 Summon Hydra             Summ           Unusable   N/A       N/A         7

Dungeon Overview and Level Annotations

Branches:
Dungeon (9/15)             Temple (1/1) D:5            Lair (0/5) D:9
Ossuary (visited)
    Orc: D:9-12

Altars:
Ashenzari
Cheibriados
Dithmenos
Elyvilon
Fedhas
Hepliaklqana
Kikubaaqudgha
Makhleb
Nemelex Xobeh
Okawaru
Ru
Sif Muna
Trog
Uskayaw
Vehumet
Wu Jian
Xom
Yredelemnul
Zin

Shops:
D:3 !

Annotations:
D:4 1 runed translucent door, Crazy Yiuf


Innate Abilities, Weirdness & Mutations

You are immune to sickness and miasma.
Your stone body is resilient. (AC +7)
You are immune to poison.
You resist negative energy. (rN+)
You are resistant to electric shocks. (rElec)
You are resistant to unholy torment.
You are immune to petrification.


Message History

No reachable target in view!
No reachable target in view!
Found a staircase to the Lair.
A nearby plant withers and dies.
The komodo dragon bites the plant!
The komodo dragon bites the plant!!
The plant begins to die.
The komodo dragon bites the plant!!
A nearby plant withers and dies.
The komodo dragon bites the plant!!
A nearby plant withers and dies.
A nearby plant withers and dies.
You hit the komodo dragon.
The komodo dragon is lightly wounded.
The komodo dragon bites you!!
You barely miss the komodo dragon.
The komodo dragon is lightly wounded.
You thump the komodo dragon!
The komodo dragon is moderately wounded.
The komodo dragon hisses menacingly.
The komodo dragon bites you!!
You are too injured to fight recklessly!
You are too injured to fight recklessly!
You are too injured to fight recklessly!
You are too injured to fight recklessly!
The komodo dragon attacks as you move away!
The komodo dragon barely misses you.
The komodo dragon attacks as you move away!
The komodo dragon bites you but does no damage.
The komodo dragon attacks as you move away!
The komodo dragon bites you.
The komodo dragon attacks as you move away!
The komodo dragon bites you!
* * * LOW HITPOINT WARNING * * *
The komodo dragon attacks as you move away!
The komodo dragon completely misses you.
The komodo dragon attacks as you move away!
The komodo dragon bites you!!
* * * LOW HITPOINT WARNING * * *
You hit the komodo dragon.
The komodo dragon is moderately wounded.
The komodo dragon bites you!
You die...

PPP......#.#
........##.#
##.....####.#
......#.....###
...............#
..........#...###
................##
.................#
...........##@..##
.#....[........l....##
....#.....>......#...##
#.....................#
.......##...##........#
......####...#####....#
......#.....## #...##
...##.......# ##..#
<.........#.# ####


You could see a komodo dragon.

Vanquished Creatures
  A hornet (D:7)
  2 wyverns
  Sigmund (D:2)
  5 yaks
  Edmund (D:5)
  4 water moccasins
  A sky beast (D:7)
  An ogre (D:6)
  3 orc warriors
  A centaur (D:6)
  4 elf zombies (Ossuary)
  A phantom (D:6)
  2 bullfrogs
  4 scorpions
  5 wights (D:8)
  A howler monkey (D:6)
  2 centaur zombies (Ossuary)
  4 hounds
  6 human zombies (Ossuary)
  A jelly (D:6)
  4 orc priests
  4 sleepcaps
  Jessica (D:3)
  2 iguanas
  4 orc wizards
  Natasha (D:3)
  3 mummies (Ossuary)
  Robin (D:4)
  5 adders
  A shadow imp (D:6)
  2 worms
  2 dart slugs (D:3)
  27 orcs
  4 ball pythons
  8 endoplasms
  3 giant cockroaches
  13 goblins
  14 hobgoblins
  2 jackals (D:3)
  3 kobolds
  2 quokkas (D:3)
  6 bats
  8 frilled lizards
  3 rats
173 creatures vanquished.

Notes
Turn   | Place    | Note
-------+----------+-------------------------------------------
     0 | D:1      | AdnanSaban the Gargoyle Fighter began the quest for the
                  | Orb.
     0 | D:1      | Reached XP level 1. HP: 14/14 MP: 1/1
   265 | D:1      | Reached XP level 2. HP: 19/19 MP: 2/2
   698 | D:2      | Reached XP level 3. HP: 18/23 MP: 3/3
   916 | D:2      | Noticed Sigmund
   928 | D:2      | Killed Sigmund
   929 | D:2      | Reached skill level 4 in Maces & Flails
   929 | D:2      | Reached XP level 4. HP: 7/29 MP: 4/4
   929 | D:2      | Reached XP level 5. HP: 8/33 MP: 5/5
  1619 | D:3      | Found a faded altar of an unknown god.
  1631 | D:3      | Found a shimmering blue altar of Sif Muna.
  1657 | D:3      | Reached skill level 1 in Dodging
  1831 | D:3      | Noticed Jessica
  1848 | D:3      | Killed Jessica
  1849 | D:3      | Reached XP level 6. HP: 29/38 MP: 6/6
  2132 | D:3      | Found Qoqe Wiff's Distillery.
  2340 | D:4      | Noticed Robin
  2377 | D:4      | Killed Robin
  2635 | D:4      | Found a runed translucent door.
  2636 | D:4      | Noticed Crazy Yiuf
  2758 | D:4      | Noticed Natasha
  2781 | D:3      | Killed Natasha
  2782 | D:3      | Reached skill level 5 in Maces & Flails
  2959 | D:5      | Entered Level 5 of the Dungeon
  2979 | D:5      | Reached XP level 7. HP: 43/44 MP: 7/7
  3024 | D:5      | Found a shadowy altar of Dithmenos.
  3101 | D:5      | Found a staircase to the Ecumenical Temple.
  3110 | Temple   | Entered the Ecumenical Temple
  3121 | Temple   | Became a worshipper of Warmaster Okawaru
  3138 | D:5      | Noticed Edmund
  3155 | D:5      | Killed Edmund
  3156 | D:5      | Reached skill level 6 in Maces & Flails
  3249 | D:5      | Reached skill level 5 in Fighting
  3754 | D:5      | Reached skill level 5 in Armour
  3754 | D:5      | Reached XP level 8. HP: 46/49 MP: 8/8
  3909 | D:6      | Found a burning altar of Makhleb.
  3911 | D:6      | Noticed a balrug
  3917 | D:6      | Found a glowing silver altar of Zin.
  3917 | D:6      | Noticed an angel
  4066 | D:6      | Reached * piety under Okawaru
  4074 | D:6      | Reached skill level 7 in Maces & Flails
  4261 | D:6      | Found a radiant altar of Vehumet.
  4760 | D:7      | Reached XP level 9. HP: 55/55 MP: 9/9
  4867 | D:7      | Found a sand-covered staircase.
  4872 | Ossuary  | Entered an ossuary
  4884 | Ossuary  | Reached ** piety under Okawaru
  4891 | Ossuary  | Reached skill level 8 in Maces & Flails
  5034 | Ossuary  | Reached skill level 5 in Shields
  5336 | D:7      | Reached skill level 9 in Maces & Flails
  5410 | D:7      | Noticed a hornet
  5434 | D:7      | Killed a hornet
  5582 | D:7      | Found a snail-covered altar of Cheibriados.
  5598 | D:7      | Found an ornate altar of the Wu Jian Council.
  5608 | D:7      | Found an ancient bone altar of Kikubaaqudgha.
  5611 | D:7      | Found a hide-covered altar of Uskayaw.
  6019 | D:8      | Reached *** piety under Okawaru
  6250 | D:8      | Reached XP level 10. HP: 45/63 MP: 10/10
  6464 | D:8      | Reached skill level 10 in Maces & Flails
  6780 | D:8      | Reached **** piety under Okawaru
  6907 | D:9      | Found a staircase to the Lair.
  6931 | D:9      | HP: 2/63 [komodo dragon (20)]
  6932 | D:9      | Mangled by a komodo dragon

Illustrated notes

Levels and vault maps discovered:
D:1:      lemuel_arrival_lava_pool, layout_loops_ring, minmay_misc_feat_square,
          minmay_misc_feat_chi, minmay_tetromino_t2
D:2:      layout_basic, uniq_sigmund
D:3:      layout_basic, mainiacjoe_overflow_six_doors_small,
          hellmonk_ecumenical_altar_zigzags, serial_shops, shop, minivault_19,
          hangedman_abyss_or_decor_lesser_grid, st_stairs_14,
          columned_hall_lemuel, kennysheep_jessica_study
D:4:      layout_rooms, kennysheep_cross_bottleneck, uniq_crazy_yiuf_cottage,
          uniq_natasha, uniq_robin
D:5:      layout_basic, mainiacjoe_overflow_brackets, minmay_temple_entry_trees,
          minmay_misc_feat_ornament, uniq_edmund
D:6:      layout_layer_cave, grunt_temple_overflow_order_and_chaos_2,
          nicolae_vehumet_radiance
D:7:      layout_basic, grunt_temple_overflow_cloverleaf, enter_ossuary_5
D:8:      layout_basic
D:9:      layout_cave_pools, david_lair_shrubbed
Temple:   dpeg_chambers_temple

Skill      XL: |  1  2  3  4  5  6  7  8  9 10 |
---------------+-------------------------------+-----
Maces & Flails | 4 5 6 7 9 10 | 10.5
Dodging        | 1 2 3 |  3.7
Fighting       | 4 5 7 |  7.5
Armour         | 4 5 6 7 |  7.5
Shields        | 4 5 |  5.7
Throwing       | |  0.1

Action                     |  1- 3 |  4- 6 |  7- 9 | 10-12 || total
---------------------------+-------+-------+-------+-------++-------
  Melee: Flail             |   117 |   170 |   501 |       ||   788
         Mace              |       |       |    49 |    88 ||   137
  Throw: Javelin           |       |       |     2 |       ||     2
 Armour: Scale mail        |    89 |   141 |   248 |    28 ||   506
  Dodge: Dodged            |    69 |    86 |   241 |    38 ||   434
  Block: Buckler           |    24 |    35 |   107 |    18 ||   184

Table legend: (Time is in decaauts)
 A = Elapsed time spent in this place.
 B = Non-inter-level travel time spent in this place.
 C = Inter-level travel time spent in this place.
 D = Time resting spent in this place.
 E = Time spent auto-exploring this place.
 F = Levels seen in this place.
 G = Mean time per level.
                   A        B        C        D        E       F      G
               +--------+--------+--------+--------+--------+-----+--------+
         Total |   7017 |   6762 |    255 |     82 |   4948 |  11 |  637.9 |
       Dungeon |   6732 |   6493 |    239 |     82 |   4888 |   9 |  748.0 |
        Temple |     19 |      3 |     16 |      0 |      0 |   1 |   19.0 |
       Ossuary |    265 |    265 |      0 |      0 |     60 |   1 |  265.0 |
               +--------+--------+--------+--------+--------+-----+--------+

Top non-repeatable levels by time:
     D:8: 937 daAuts
     D:7: 923 daAuts
     D:6: 866 daAuts
     D:5: 854 daAuts
     D:2: 845 daAuts
     D:3: 780 daAuts
     D:4: 727 daAuts
     D:1: 673 daAuts
 Ossuary: 265 daAuts
     D:9: 123 daAuts
  Temple: 19 daAuts
